 Dungeon Crawl Stone Soup version 0.29-a0-322-g68df515428 (webtiles) character file.

Game seed: 15968958257028367008

22311 greenreed the Destroyer (level 12, -5/92 HPs)
             Began as a Gnoll Conjurer on Apr 9, 2022.
             Was a Priest of Nemelex Xobeh.
             Slain by a death yak (9 damage)
             ... on level 2 of the Lair of Beasts.
             The game lasted 01:20:59 (22746 turns).

greenreed the Destroyer (Gnoll Conjurer)           Turns: 22746, Time: 01:21:00

Health: -5/92      AC: 13    Str:  6    XL:     12   Next: 99%
Magic:  21/25      EV: 16    Int: 30    God:    Nemelex Xobeh [***...]
Gold:   790        SH:  0    Dex: 11    Spells: 11/29 levels left

rFire   . . .      SeeInvis .   Q - +4 dagger (distort)
rCold   . . .      Faith    .   (no shield)
rNeg    . . .      Spirit   .   L - +1 ring mail of Jiapurr {Int+7 Slay+2}
rPois   .          Reflect  .   u - +0 helmet
rElec   .          Harm     .   A - +0 cloak
rCorr   .          Rampage  .   K - +0 pair of gloves
Will    +....      Clarity  +   a - +0 pair of boots
Stlth   +++.......              (no amulet)
HPRegen 0.25/turn               n - ring of willpower
MPRegen 0.19/turn               z - +4 ring of evasion

@: no status effects
A: fangs 1, strong nose, distributed training, clarity, MP-powered wands
a: Renounce Religion, Draw Escape, Draw Destruction, Draw Summoning, Triple Draw


You were on level 2 of the Lair of Beasts.
You worshipped Nemelex Xobeh.
Nemelex Xobeh was most pleased with you.
You visited 3 branches of the dungeon, and saw 14 of its levels.

You collected 855 gold pieces.
You spent 65 gold pieces at shops.

Inventory:

Hand Weapons
 Q - a +4 dagger of distortion (weapon)
Missiles
 m - 4 atropa-tipped darts
 r - a throwing net
 s - 3 silver boomerangs
 y - 42 poisoned darts
 V - a curare-tipped dart
Armour
 a - a +0 pair of boots (worn)
 k - a +2 robe of cold resistance
 u - a +0 helmet (worn)
 A - a +0 cloak (worn)
 K - a +0 pair of gloves (worn)
 L - the +1 ring mail of Jiapurr (worn) {Int+7 Slay+2}
   (You found it on level 2 of the Lair of Beasts)

   Int:       It affects your intelligence (+7).
   Slay:      It affects your accuracy & damage with ranged weapons and melee
   (+2).
 M - the +1 leather armour of Weirdness {Fly rN+ rCorr Slay-5}
   (You found it on level 3 of the Lair of Beasts)

   Slay:      It affects your accuracy & damage with ranged weapons and melee
   (-5).
   rN:        It protects you from negative energy.
   Fly:       It grants you flight.
   rCorr:     It protects you from acid and corrosion.
 Y - a +0 troll leather armour
Magical Staves
 x - a staff of air
Jewellery
 n - a ring of willpower (left hand)
 z - a +4 ring of evasion (right hand)
 I - a +6 ring of strength
Wands
 P - a wand of polymorph (1)
 T - a wand of iceblast (11)
 W - a wand of mindburst (9)
 X - a wand of flame (19)
 Z - a wand of charming (3)
Scrolls
 c - 3 scrolls of identify
 d - 4 scrolls of immolation
 f - a scroll of brand weapon {unknown}
 h - a scroll of blinking
 j - a scroll of enchant weapon {unknown}
 l - 3 scrolls of amnesia
 o - 6 scrolls of teleportation
 q - 2 scrolls of fog
 t - 5 scrolls of enchant armour
 v - 2 scrolls of noise {unknown}
 B - 2 scrolls of magic mapping
 D - 2 scrolls of torment {unknown}
 E - a scroll of silence
 J - 3 scrolls of holy word
 N - a scroll of vulnerability {unknown}
 R - a scroll of acquirement {unknown}
 U - 2 scrolls of fear {unknown}
Potions
 b - 3 potions of magic
 e - 2 potions of curing
 g - a potion of haste
 i - 3 potions of mutation
 p - 2 potions of flight
 w - a potion of cancellation {unknown}
 C - 4 potions of brilliance
 F - 3 potions of heal wounds
 G - a potion of resistance {unknown}
 H - 2 potions of berserk rage
 S - a potion of lignification {unknown}


   Skills:
 + Level 7.8 Fighting
 + Level 7.8 Short Blades
 + Level 7.8 Long Blades
 + Level 7.8 Axes
 + Level 7.8 Maces & Flails
 + Level 7.8 Polearms
 + Level 7.8 Staves
 + Level 7.8 Slings
 + Level 7.8 Bows
 + Level 7.8 Crossbows
 + Level 7.8 Throwing
 + Level 7.8 Armour
 + Level 9.1 Dodging
 + Level 8.9 Stealth
 + Level 7.8 Shields
 + Level 7.8 Unarmed Combat
 + Level 9.3 Spellcasting
 + Level 9.7 Conjurations
 + Level 6.5 Hexes
 + Level 6.5 Summonings
 + Level 6.5 Necromancy
 + Level 6.5 Translocations
 + Level 6.5 Transmutations
 + Level 6.5 Fire Magic
 + Level 6.5 Ice Magic
 + Level 6.5 Air Magic
 + Level 6.5 Earth Magic
 + Level 6.5 Poison Magic
 + Level 8.5 Invocations
 + Level 7.8 Evocations


You had 11 spell levels left.
You knew the following spells:

 Your Spells              Type           Power      Damage    Failure   Level
a - Magic Dart            Conj           100%       1d8       1%          1
b - Searing Ray           Conj           100%       2d8       1%          2
c - Dazzling Flash        Conj/Hex       100%       N/A       1%          3
d - Slow                  Hex            100%       N/A       1%          1
e - Blink                 Tloc           100%       N/A       1%          2
f - Manifold Assault      Tloc           52%        N/A       22%         5
g - Iskenderun's Mystic   Conj/Tloc      58%        2d12      4%          4

Your spell library contained the following spells:

 Spells                   Type           Power      Damage    Failure   Level
 Corpse Rot               Necr/Air       100%       N/A       1%          2
 Poisonous Vapours        Pois/Air       100%       N/A       1%          2
 Stone Arrow              Conj/Erth      100%       3d13      1%          3
 Confusing Touch          Hex            52%        N/A       2%          3
 Lesser Beckoning         Tloc           52%        N/A       2%          3
 Vampiric Draining        Necr           52%        2d9       2%          3
 Fulminant Prism          Conj/Hex       29%        3d14      4%          4
 Animate Armour           Summ/Erth      100%       N/A       9%          4
 Lehudib's Crystal Spear  Conj/Erth      29%        10d8      100%        8


Dungeon Overview and Level Annotations

Branches:
Dungeon (10/15)            Temple (1/1) D:4            Lair (3/6) D:9
    Orc (0/2) D:10
  Swamp: Lair:2-4    Shoals: Lair:2-4     Snake: Lair:2-4    Spider: Lair:2-4

Altars:
Ashenzari
Cheibriados
Dithmenos
Elyvilon
Fedhas
Gozag
Hepliaklqana
Kikubaaqudgha
Makhleb
Nemelex Xobeh
Okawaru
Qazlal
Ru
Sif Muna
Trog
Uskayaw
Vehumet
Wu Jian
Xom
Yredelemnul
Zin
The Shining One

Shops:
D:5 !

Annotations:
D:4 Duvessa
D:5 Ijyb
D:8 1 runed translucent door, dianekeaton's ghost, novice MiFi


Innate Abilities, Weirdness & Mutations

You have very sharp teeth.
Your uncanny sense of smell can sniff out nearby items.
Your experience applies equally to all skills.
You possess an exceptional clarity of mind.
You expend magic power (3 MP) to strengthen your wands.


Message History

The death yak is severely wounded.
The wolf howls!
The wolf completely misses you. The yak barely misses you. x2
The death yak gores you! x2
* * * LOW HITPOINT WARNING * * *
The wolf closely misses you. The wolf misses you. The yak gores you!
* * * LOW HITPOINT WARNING * * *
The death yak barely misses you. The death yak closely misses you.
The death yak completely misses you. The death yak gores you!
* * * LOW HITPOINT WARNING * * *
The death yak barely misses you.
You climb upwards.
There is a stone staircase leading down, spattered with blood here.
Casting: Iskenderun's Mystic Blast (dangerous; 4% risk of failure)
Confirm with . or Enter, or press ? or * to list all spells.
Okay, then.
You draw... (choose one card, ? for their descriptions)
a - the Elixir b - Velocity c - Exile You have drawn Exile.
The wolf is devoured by a tear in reality.
The yak is no longer blind.
The yak gores you but does no damage. The yak closely misses you.
The death yak misses you.
The death yak gores you but does no damage.
The death yak gores you.
* * * LOW HITPOINT WARNING * * *
The death yak barely misses you. The death yak gores you.
* * * LOW HITPOINT WARNING * * *
You draw... (choose one card, ? for their descriptions)
a - the Pentagram
b - the Pentagram
c - the Rangers You have drawn the Pentagram.
The yak gores you but does no damage. The yak barely misses you.
The death yak misses you.
The death yak gores you but does no damage. x2
The death yak gores you!
You die...
Your body glows with a rainbow of weird colours and disappears.

....................##..........#
#......#............+...........#
.......#.......#.....#....##....#
##..P.P#.......#..#'#.....##....#
##.##.........###...##.....#...##
.................................
.................................
...............YYY...............
..............4Y@Y§..............
..............hYY§§..............
.............÷..§................
.#.#'..#...................##.#..
#....####..#.#....#.P.......##.#.
##....###..#................#....
##.....##...........#......##..#.
##.....##..................#....#
###.P.#.#..P................P..#.


You could see 5 death yaks, 2 yaks, a friendly rust devil (summoned) and a
friendly hell hound (summoned).

Vanquished Creatures
  A hydra (Lair:1)
  A mana viper (Lair:3)
  3 elephants
  4 torpor snails (Lair:1)
  Maggie (D:8)
  An unseen horror (D:10)
  3 cane toads
  A rime drake (Lair:3)
  3 komodo dragons
  A troll (D:10)
  A polar bear (Lair:2)
  A hornet (D:8)
  12 blink frogs
  Prince Ribbit (D:8)
  5 dream sheep
  31 yaks
  3 wyverns
  2 vampires (D:10)
  Eustachio (D:5)
  3 basilisks (Lair:2)
  3 steam dragons
  An acid dragon (D:10)
  9 water moccasins
  4 orc warriors (D:9)
  A swamp drake (D:10)
  5 black bears
  3 ice beasts
  2 sky beasts (D:7)
  A wolf (Lair:3)
  3 ogres
  4 centaurs
  3 kobold brigands
  A gnoll sergeant (D:10)
  12 bullfrogs
  A necrophage (D:7)
  9 wights
  2 howler monkeys
  4 hounds
  A jelly (D:5)
  5 orc priests
  3 gnoll shamans
  3 iguanas
  12 orc wizards
  14 gnolls
  11 adders
  2 river rats (D:6)
  A shadow imp (D:6)
  A white imp (D:7)
  A worm (D:2)
  3 dart slugs
  27 orcs
  6 ball pythons
  7 endoplasms
  2 giant cockroaches
  13 goblins
  3 hobgoblins
  3 quokkas
  3 bats
  3 frilled lizards
  25 kobolds
  5 rats
301 creatures vanquished.

Vanquished Creatures (collateral kills)
  A vampire (D:10)
1 creature vanquished.

Vanquished Creatures (others)
  60 fungi
  65 plants
125 creatures vanquished.

Grand Total: 427 creatures vanquished

Notes
Turn   | Place    | Note
-------+----------+-------------------------------------------
     0 | D:1      | greenreed the Gnoll Conjurer began the quest for the Orb.
     0 | D:1      | Reached XP level 1. HP: 13/13 MP: 6/6
   193 | D:1      | Found a faded altar of an unknown god.
   402 | D:1      | Reached XP level 2. HP: 19/19 MP: 4/7
   935 | D:2      | Reached skill level 5 in Spellcasting
   935 | D:2      | Reached XP level 3. HP: 20/25 MP: 1/9
  1285 | D:2      | Reached skill level 1 in Invocations
  1385 | D:2      | Reached skill level 1 in Fighting
  1385 | D:2      | Reached skill level 1 in Short Blades
  1385 | D:2      | Reached skill level 1 in Long Blades
  1385 | D:2      | Reached skill level 1 in Axes
  1385 | D:2      | Reached skill level 1 in Maces & Flails
  1385 | D:2      | Reached skill level 1 in Polearms
  1385 | D:2      | Reached skill level 1 in Staves
  1385 | D:2      | Reached skill level 1 in Slings
  1385 | D:2      | Reached skill level 1 in Bows
  1385 | D:2      | Reached skill level 1 in Crossbows
  1385 | D:2      | Reached skill level 1 in Throwing
  1385 | D:2      | Reached skill level 1 in Armour
  1385 | D:2      | Reached skill level 1 in Shields
  1385 | D:2      | Reached skill level 1 in Unarmed Combat
  1385 | D:2      | Reached skill level 1 in Evocations
  1433 | D:2      | Learned a level 2 spell: Searing Ray
  1468 | D:2      | Learned a level 3 spell: Dazzling Flash
  1484 | D:2      | Reached XP level 4. HP: 32/32 MP: 8/11
  1905 | D:2      | Reached skill level 1 in Hexes
  1905 | D:2      | Reached skill level 1 in Summonings
  1905 | D:2      | Reached skill level 1 in Necromancy
  1905 | D:2      | Reached skill level 1 in Translocations
  1905 | D:2      | Reached skill level 1 in Transmutations
  1905 | D:2      | Reached skill level 1 in Fire Magic
  1905 | D:2      | Reached skill level 1 in Ice Magic
  1905 | D:2      | Reached skill level 1 in Air Magic
  1905 | D:2      | Reached skill level 1 in Earth Magic
  1905 | D:2      | Reached skill level 1 in Poison Magic
  2296 | D:3      | Reached XP level 5. HP: 21/37 MP: 7/12
  3422 | D:4      | Reached XP level 6. HP: 44/44 MP: 5/13
  3681 | D:4      | Found a staircase to the Ecumenical Temple.
  3707 | Temple   | Entered the Ecumenical Temple
  3797 | Temple   | Became a worshipper of Nemelex Xobeh the Trickster
  3901 | D:4      | Noticed Duvessa
  4194 | D:5      | Entered Level 5 of the Dungeon
  4275 | D:5      | Reached skill level 5 in Dodging
  4513 | D:5      | Noticed Eustachio
  4778 | D:5      | Killed Eustachio
  4779 | D:5      | Reached XP level 7. HP: 45/50 MP: 5/15
  5044 | D:5      | Gained mutation: You expend magic power (3 MP) to
                  | strengthen your wands. [potion of mutation]
  5044 | D:5      | Gained mutation: You possess an exceptional clarity of
                  | mind. [potion of mutation]
  5048 | D:5      | HP: 2/51 [poisoned by an orc wizard]
  5408 | D:5      | Found Giuru's Distillery.
  5411 | D:5      | Bought a potion of heal wounds for 65 gold pieces
  5583 | D:5      | Reached * piety under Nemelex Xobeh
  5698 | D:5      | Noticed Ijyb
  5728 | D:5      | Reached skill level 5 in Stealth
  6167 | D:5      | Learned a level 1 spell: Slow
  6267 | D:6      | Reached XP level 8. HP: 46/57 MP: 8/16
  6429 | D:6      | Received a gift from Nemelex Xobeh
  7591 | D:6      | Found a hazy altar of Hepliaklqana.
  7685 | D:6      | Reached XP level 9. HP: 65/65 MP: 9/18
  9190 | D:8      | Noticed a hornet
  9198 | D:8      | Killed a hornet
  9199 | D:8      | Reached skill level 5 in Invocations
  9314 | D:8      | Noticed Maggie
  9334 | D:8      | Killed Maggie
  9335 | D:8      | Reached XP level 10. HP: 24/73 MP: 2/20
  9638 | D:8      | Found a runed translucent door.
  9639 | D:8      | Noticed dianekeaton's ghost (novice MiFi)
  9655 | D:8      | Noticed Prince Ribbit
  9661 | D:8      | Killed Prince Ribbit
  9767 | D:8      | Noticed Psyche
  9768 | D:8      | Noticed Psyche
  9768 | D:8      | Psyche changed into Psyche the bullfrog
  9771 | D:8      | Killed Psyche the bullfrog
  9772 | D:8      | Reached skill level 5 in Fighting
  9772 | D:8      | Reached skill level 5 in Short Blades
  9772 | D:8      | Reached skill level 5 in Long Blades
  9772 | D:8      | Reached skill level 5 in Axes
  9772 | D:8      | Reached skill level 5 in Maces & Flails
  9772 | D:8      | Reached skill level 5 in Polearms
  9772 | D:8      | Reached skill level 5 in Staves
  9772 | D:8      | Reached skill level 5 in Slings
  9772 | D:8      | Reached skill level 5 in Bows
  9772 | D:8      | Reached skill level 5 in Crossbows
  9772 | D:8      | Reached skill level 5 in Throwing
  9772 | D:8      | Reached skill level 5 in Armour
  9772 | D:8      | Reached skill level 5 in Shields
  9772 | D:8      | Reached skill level 5 in Unarmed Combat
  9772 | D:8      | Reached skill level 5 in Evocations
  9841 | D:8      | Found a flagged portal.
  9943 | D:8      | Reached ** piety under Nemelex Xobeh
 10074 | D:8      | Found a shadowy altar of Dithmenos.
 12366 | D:9      | Found a staircase to the Lair.
 12975 | D:9      | Found an ornate altar of the Wu Jian Council.
 12975 | D:9      | Found a radiant altar of Vehumet.
 13033 | D:10     | Entered Level 10 of the Dungeon
 13115 | D:10     | HP: 3/76 [something (5)]
 13826 | D:10     | Reached XP level 11. HP: 70/81 MP: 13/22
 14151 | D:10     | Received a gift from Nemelex Xobeh
 14448 | D:10     | Reached skill level 5 in Hexes
 14448 | D:10     | Reached skill level 5 in Summonings
 14448 | D:10     | Reached skill level 5 in Necromancy
 14448 | D:10     | Reached skill level 5 in Translocations
 14448 | D:10     | Reached skill level 5 in Transmutations
 14448 | D:10     | Reached skill level 5 in Fire Magic
 14448 | D:10     | Reached skill level 5 in Ice Magic
 14448 | D:10     | Reached skill level 5 in Air Magic
 14448 | D:10     | Reached skill level 5 in Earth Magic
 14448 | D:10     | Reached skill level 5 in Poison Magic
 15281 | D:10     | Learned a level 2 spell: Blink
 15612 | D:10     | Found a staircase to the Orcish Mines.
 15984 | Lair:1   | Entered Level 1 of the Lair of Beasts
 15992 | Lair:1   | Noticed a four-headed hydra
 16003 | Lair:1   | Killed a four-headed hydra
 16473 | Lair:1   | Found a snail-covered altar of Cheibriados.
 16782 | Lair:1   | Received a gift from Nemelex Xobeh
 16953 | Lair:1   | Received a gift from Nemelex Xobeh
 17331 | Lair:1   | Reached XP level 12. HP: 49/89 MP: 7/24
 17650 | Lair:1   | Reached *** piety under Nemelex Xobeh
 18327 | Lair:1   | Learned a level 5 spell: Manifold Assault
 18332 | Lair:1   | Learned a level 4 spell: Iskenderun's Mystic Blast
 19941 | Lair:2   | Received a gift from Nemelex Xobeh
 20367 | Lair:2   | Identified the +1 ring mail of Jiapurr {Int+7 Slay+2}
 20379 | Lair:2   | Received a gift from Nemelex Xobeh
 20814 | Lair:3   | Identified the +1 leather armour of Weirdness {Fly rN+
                  | rCorr Slay-5}
 22733 | Lair:3   | Noticed a death yak
 22734 | Lair:3   | Noticed a death yak
 22734 | Lair:3   | Noticed a death yak
 22736 | Lair:3   | Noticed a death yak
 22737 | Lair:3   | Noticed a death yak
 22745 | Lair:2   | HP: 4/92 [death yak (1)]
 22746 | Lair:2   | Slain by a death yak

Illustrated notes

Levels and vault maps discovered:
D:1:      minmay_arrival_four_houses, layout_basic,
          shapermc_ecumenical_altar_flowoftime, minmay_misc_feat_columns
D:2:      layout_loops_cross
D:3:      layout_basic
D:4:      layout_loops_ring, minmay_temple_entry_antechambers, uniq_duvessa
D:5:      layout_gridville, serial_shops, kennysheep_mini, uniq_eustachio,
          uniq_ijyb
D:6:      layout_basic, mainiacjoe_overflow_boulevard, portal_sewer_entry_b
D:7:      layout_rooms, grunt_decor_clamped
D:8:      layout_gridville, nicolae_dithmenos_through_a_glass_darkly,
          gammafunk_ghost_grave, enter_bailey_5, chequers_serial_rivers_micro_a,
          uniq_psyche, uniq_maggie, uniq_prince_ribbit1
D:9:      layout_loops_ring, gammafunk_temple_overflow_elements,
          due_lair_maze_entry_diamond
D:10:     layout_basic, erik_orc_1
Temple:   compressed_dpeg_circular_temple
Lair:1:   layout_chaotic_city, kennysheep_snail_temple
Lair:2:   layout_regular_city, minmay_holes, dreamdust_gnoll_shepherd,
          infiniplex_staircase_pool_2
Lair:3:   layout_big_grid, swamp_mist, pf_torpor_hydra,
          infiniplex_staircase_pool, grunt_megastairs_3, serial_bayou_shore_b

Skill      XL: |  1  2  3  4  5  6  7  8  9 10 11 12 |
---------------+-------------------------------------+-----
Spellcasting   | 5 6 7 8 9 |  9.3
Invocations    | 1 2 3 4 5 6 7 8 |  8.5
Fighting       | 1 2 3 4 5 6 7 |  7.8
Short Blades   | 1 2 3 4 5 6 7 |  7.8
Long Blades    | 1 2 3 4 5 6 7 |  7.8
Axes           | 1 2 3 4 5 6 7 |  7.8
Maces & Flails | 1 2 3 4 5 6 7 |  7.8
Polearms       | 1 2 3 4 5 6 7 |  7.8
Staves         | 1 2 3 4 5 6 7 |  7.8
Slings         | 1 2 3 4 5 6 7 |  7.8
Bows           | 1 2 3 4 5 6 7 |  7.8
Crossbows      | 1 2 3 4 5 6 7 |  7.8
Throwing       | 1 2 3 4 5 6 7 |  7.8
Armour         | 1 2 3 4 5 6 7 |  7.8
Shields        | 1 2 3 4 5 6 7 |  7.8
Unarmed Combat | 1 2 3 4 5 6 7 |  7.8
Evocations     | 1 2 3 4 5 6 7 |  7.8
Hexes          | 1 2 3 4 5 6 |  6.5
Summonings     | 1 2 3 4 5 6 |  6.5
Necromancy     | 1 2 3 4 5 6 |  6.5
Translocations | 1 2 3 4 5 6 |  6.5
Transmutations | 1 2 3 4 5 6 |  6.5
Fire Magic     | 1 2 3 4 5 6 |  6.5
Ice Magic      | 1 2 3 4 5 6 |  6.5
Air Magic      | 1 2 3 4 5 6 |  6.5
Earth Magic    | 1 2 3 4 5 6 |  6.5
Poison Magic   | 1 2 3 4 5 6 |  6.5
Dodging        | 5 6 7 8 9 |  9.1
Stealth        | 5 6 7 8 |  8.9
Conjurations   | 8 9 |  9.7

Action                   |  1- 3 |  4- 6 |  7- 9 | 10-12 || total
-------------------------+-------+-------+-------+-------++-------
Melee: Staff             |       |     3 |       |       ||     3
       Whip              |       |     3 |    14 |       ||    17
       Bite              |       |       |     3 |    23 ||    26
       Dagger            |       |       |       |   185 ||   185
       Punch             |       |       |       |     9 ||     9
 Cast: Magic Dart        |    56 |   118 |   136 |   280 ||   590
       Searing Ray       |       |     2 |    45 |   121 ||   168
       Dazzling Flash    |       |     1 |       |    41 ||    42
       Slow              |       |       |    19 |    40 ||    59
       Iskenderun's Myst |       |       |       |    12 ||    12
       Manifold Assault  |       |       |       |     5 ||     5
Invok: Draw Destruction  |       |       |     2 |    10 ||    12
       Draw Summoning    |       |       |       |     1 ||     1
       Triple Draw       |       |       |       |     2 ||     2
  Use: Scroll            |       |     4 |     2 |     5 ||    11
       Potion            |       |       |     6 |     5 ||    11
 Stab: Invisible         |       |       |       |    19 ||    19
Armor: Robe              |     1 |    10 |    18 |   103 ||   132
       Ring mail         |       |       |       |    68 ||    68
Dodge: Dodged            |     3 |    43 |    62 |   508 ||   616

Table legend: (Time is in decaauts)
 A = Elapsed time spent in this place.
 B = Non-inter-level travel time spent in this place.
 C = Inter-level travel time spent in this place.
 D = Time resting spent in this place.
 E = Time spent auto-exploring this place.
 F = Levels seen in this place.
 G = Mean time per level.
                   A        B        C        D        E       F      G
               +--------+--------+--------+--------+--------+-----+--------+
         Total |  22711 |  22144 |    567 |   6801 |  11827 |  14 | 1622.2 |
       Dungeon |  15943 |  15572 |    371 |   3560 |   9792 |  10 | 1594.3 |
        Temple |    100 |     55 |     45 |      0 |     39 |   1 |  100.0 |
          Lair |   6667 |   6516 |    151 |   3241 |   1996 |   3 | 2222.3 |
               +--------+--------+--------+--------+--------+-----+--------+

Top non-repeatable levels by time:
  Lair:1: 3692 daAuts
  Lair:2: 2581 daAuts
    D:10: 2415 daAuts
     D:9: 2299 daAuts
     D:8: 1941 daAuts
     D:5: 1847 daAuts
     D:6: 1712 daAuts
     D:7: 1436 daAuts
     D:2: 1339 daAuts
     D:3: 1024 daAuts
     D:4: 997 daAuts
     D:1: 928 daAuts
  Lair:3: 394 daAuts
  Temple: 100 daAuts
